 Dungeon Crawl Stone Soup version 0.18.1-5-g4a78601 (webtiles) character file.

45 epen the Cudgeler (level 3, 0/22 HPs)
             Began as a Gargoyle Gladiator on May 13, 2016.
             Slain by Natasha (4 damage)
             ... on level 2 of the Dungeon.
             The game lasted 00:01:43 (1239 turns).

epen the Cudgeler (Gargoyle Gladiator)              Turns: 1239, Time: 00:01:43

Health: 0/22       AC: 12    Str: 16    XL:     3   Next: 64%
Magic:  3/3        EV:  7    Int:  8    God:
Gold:   37         SH:  0    Dex: 10    Spells: 0 memorised, 2 levels left

rFire  . . .     SeeInvis .     a - +0 flail
rCold  . . .     Gourm    .     m - +0 chain mail
rNeg   + . .     Faith    .     (no shield)
rPois  ∞         Spirit   .     c - +0 helmet
rElec  +         Dismiss  .     (no cloak)
rCorr  .         Reflect  .     (no gloves)
SustAt .         Harm     .     (no boots)
MR     .....                    (no amulet)
Stlth  ..........               (no ring)
                                k - -3 ring of strength (curse)

@: slowed, very slow, not resistant to hostile enchantments, extremely
unstealthy
A: negative energy resistance 1, electricity resistance, unbreathing,
petrification resistance, rot immunity, AC +3
a: no special abilities


You were on level 2 of the Dungeon.
You were not hungry.

You visited 1 branch of the dungeon, and saw 2 of its levels.

You collected 37 gold pieces.

Inventory:

Hand Weapons
 a - a +0 flail (weapon)
Missiles
 d - 3 throwing nets (quivered)
Armour
 b - a +0 leather armour
 c - a +0 helmet (worn)
 m - a +0 chain mail (worn)
Jewellery
 k - a cursed -3 ring of strength (left hand)
Scrolls
 h - a scroll of identify {unknown}
 q - a scroll of teleportation {unknown}
Potions
 e - 2 potions of resistance {unknown}
 g - a potion of curing {unknown}
 i - a potion of heal wounds {unknown}
 j - a potion of agility {unknown}
 n - a potion of cancellation {unknown}
 o - a potion of mutation {unknown}
 p - a potion of degeneration {unknown}
Comestibles
 f - a bread ration
 l - a meat ration


   Skills:
 + Level 2.4 Fighting
 * Level 4.0 Maces & Flails
 - Level 1.7 Throwing
 + Level 1.3 Armour
 * Level 2.5 Dodging


You had 2 spell levels left.
You didn't know any spells.

Dungeon Overview and Level Annotations

Branches:
Dungeon (2/15)

Altars:

Annotations:
D:2 Natasha


Innate Abilities, Weirdness & Mutations

You are resistant to torment.
Your stone body is resilient (AC +3).
You are immune to poison.
You resist negative energy.
You are resistant to electric shocks.
You can survive without breathing.
You are immune to petrification.
You are immune to rotting.


Message History

Natasha is severely wounded.
The shadow imp closely misses you. Natasha claws you but does no damage.
The shadow imp hits you but does no damage.
Natasha completely misses you.
Your chain mail prevents you from hitting Natasha.
Natasha is severely wounded.
The shadow imp hits you but does no damage.
Natasha claws you but does no damage.
The shadow imp hits you but does no damage.
You hit Natasha.
Natasha is almost dead.
Natasha claws you.
* * * LOW HITPOINT WARNING * * *
The shadow imp hits you but does no damage.
Natasha barely misses you.
The shadow imp hits you but does no damage.
You barely miss Natasha.
Natasha is almost dead.
Natasha claws you.
You die...

#.........#
#.........#
+.........+
#.........#
#.......#
#.....# #.h>#
#@# #5# #.#
##.##########
##............
#.....########
## ##...##
#...###..#
#........#


You could see Natasha and a shadow imp.

Vanquished Creatures
  An ooze (D:1)
  A worm (D:2)
  A dart slug (D:1)
  3 giant geckos
  A ball python (D:2)
  2 giant cockroaches (D:1)
  A goblin (D:1)
  2 hobgoblins
  4 jackals (D:1)
  4 bats (D:1)
  2 giant newts (D:1)
  4 kobolds
  7 rats
33 creatures vanquished.

Vanquished Creatures (others)
  An adder (D:2)
  A giant newt (D:2)
2 creatures vanquished.

Grand Total: 35 creatures vanquished

Notes
Turn   | Place    | Note
--------------------------------------------------------------
     0 | D:1      | epen the Gargoyle Gladiator began the quest for the Orb.
     0 | D:1      | Reached XP level 1. HP: 12/12 MP: 1/1
   199 | D:1      | Reached XP level 2. HP: 16/18 MP: 2/2
   401 | D:1      | Reached skill level 1 in Armour
   401 | D:1      | Reached XP level 3. HP: 20/22 MP: 3/3
   966 | D:2      | Reached skill level 4 in Maces & Flails
  1217 | D:2      | Noticed Natasha
  1239 | D:2      | Slain by Natasha

Skill      XL: |  1  2  3 |
---------------+----------+-----
Armour         | 1 |  1.3
Maces & Flails | 4 |  4.0
Fighting       | |  2.4
Throwing       | |  1.7
Dodging        | |  2.5

Action                   || total
-------------------------++-------
Melee: Flail             ||   169
  Use: Scroll            ||     2
  Eat: Chunk             ||     1
Armor: Leather armour    ||    56
       Chain mail        ||    48
Dodge: Dodged            ||    88
